 Dungeon Crawl Stone Soup version 0.27-a0-1196-g3e9cee4cb2 (webtiles) character file.

Game seed: 8838378193586658347

101 pcat the Conjurer (level 4, 0/25 HPs)
             Began as a Deep Elf Conjurer on May 28, 2021.
             Succumbed to kobold brigand's curare-tipped dart
             ... in a sewer.
             The game lasted 00:03:48 (2933 turns).

pcat the Conjurer (Deep Elf Conjurer)               Turns: 2933, Time: 00:03:50

Health: 0/25       AC:  4    Str:  4    XL:     4   Next: 48%
Magic:  3/12       EV: 12    Int: 24    God:
Gold:   82         SH:  5    Dex: 13    Spells: 5/12 levels left

rFire    . . .     SeeInvis .   d - +0 dagger
rCold    . . .     Faith    .   (no shield)
rNeg     . . .     Spirit   .   a - +0 robe
rPois    .         Reflect  +   (no helmet)
rElec    .         Harm     .   k - +1 cloak
rCorr    .         Rampage  .   (no gloves)
Will     .....                  (no boots)
Stlth    ++........             f - amulet of reflection
HPRegen  0.08/turn              c - +4 ring of slaying
MPRegen  0.13/turn              (no ring)

@: brilliant, lethally poisoned (0 -> -13), very slightly contaminated, slowed,
very slow
A: no striking features
a: no special abilities


You were in a sewer.
You visited 1 branch of the dungeon, and saw 3 of its levels.
You also visited: Sewer.

You collected 82 gold pieces.

Inventory:

Hand Weapons
 d - a +0 dagger (weapon)
Missiles
 h - 78 stones
Armour
 a - a +0 robe (worn)
 k - a +1 cloak (worn)
Jewellery
 c - a +4 ring of slaying (left hand)
 f - an amulet of reflection (around neck)
Wands
 n - a wand of paralysis (12)
Scrolls
 b - a scroll of amnesia
Potions
 i - a potion of berserk rage
 o - a potion of flight {unknown}
 p - a potion of heal wounds {unknown}


   Skills:
 + Level 1.2 Fighting
 - Level 2.4 Dodging
 - Level 2.4 Stealth
 * Level 4.6 Spellcasting
 * Level 5.3 Conjurations
 * Level 0.7 Hexes


You had 5 spell levels left.
You knew the following spells:

 Your Spells              Type           Power      Damage    Failure   Level
a - Magic Dart            Conj           100%       1d8       1%          1
b - Searing Ray           Conj           92%        3d6       1%          2
c - Fulminant Prism       Conj/Hex       15%        3d11      26%         4

Your spell library contained the following spells:

 Spells                   Type           Power      Damage    Failure   Level
 Dazzling Flash           Conj/Hex       60%        N/A       8%          3
 Iskenderun's Mystic Bla  Conj/Tloc      27%        2d7       30%         4


Dungeon Overview and Level Annotations

Branches:
Dungeon (3/15)              Sewer (1/1)

Altars:

Shops:
D:3 :


Message History

You can't see any susceptible monsters within range! (Use Z to cast anyway.)
A kobold brigand comes into view.
It is wielding a +0 dagger and quivering curare-tipped darts.
A kobold brigand is nearby!
The magic dart hits the kobold brigand!
The kobold brigand is moderately wounded.
The kobold brigand shouts!
The magic dart hits the kobold brigand but does no damage.
The kobold brigand is moderately wounded.
The magic dart hits the kobold brigand but does no damage.
The kobold brigand is moderately wounded.
The magic dart hits the kobold brigand.
The kobold brigand is heavily wounded.
The kobold brigand throws a curare-tipped dart.
The curare-tipped dart hits you.
You are poisoned.
You have difficulty breathing.
You feel yourself slow down.
Casting: Magic Dart (safe; 1% risk of failure)
Confirm with . or Enter, or press ? or * to list all spells.
You can't see any susceptible monsters within range! (Use Z to cast anyway.)
You feel very sick.
The kobold brigand throws a curare-tipped dart.
The curare-tipped dart closely misses you.
The kobold brigand throws a curare-tipped dart.
The curare-tipped dart hits you.
You are lethally poisoned!
You have difficulty breathing.
You feel as though you will be slow longer.
Casting: Magic Dart (safe; 1% risk of failure)
Confirm with . or Enter, or press ? or * to list all spells.
Aiming: Searing Ray (safe; 1% risk of failure)
Press: ? - help, Shift-Dir - straight line, f/p - kobold brigand
Aim: a kobold brigand, wielding a +0 dagger and quivering curare-tipped darts (heavily wounded, 74% to hit)
You miscast Searing Ray.
You are very lightly contaminated with residual magic.
Nothing appears to happen.
* * * LOW HITPOINT WARNING * * *
You feel very sick.
It was a potion of brilliance.
You feel clever all of a sudden.
You die...

#≈# #≈# #≈# #≈# #≈# #≈#
#≈# ##≈#########
#######.≈≈≈@≈.≈..#
######...≈...≈≈≈≈≈≈K.≈#
≈≈≈≈≈≈≈≈≈≈≈≈≈≈≈≈≈≈≈≈≈)#
≈≈≈≈≈≈≈≈≈≈≈≈≈≈≈≈≈≈≈≈≈≈).
#≈≈≈≈≈≈≈≈≈≈≈≈≈≈≈≈≈≈≈≈≈#.
######.....≈..≈≈≈≈≈≈≈.#
###.###..≈..≈....# #∩#
############ ###


You could see a kobold brigand.

Vanquished Creatures
  Jessica (D:2)
  2 river rats (Sewer)
  2 worms
  3 dart slugs
  2 ball pythons
  3 bats
  2 endoplasms
  4 giant cockroaches
  3 goblins
  A jackal (Sewer)
  9 kobolds
  5 quokkas
  7 rats
44 creatures vanquished.

Notes
Turn   | Place    | Note
-------+----------+-------------------------------------------
     0 | D:1      | pcat the Deep Elf Conjurer began the quest for the Orb.
     0 | D:1      | Reached XP level 1. HP: 10/10 MP: 6/6
     3 | D:1      | Noticed an electric eel
     4 | D:1      | Noticed an electric eel
   347 | D:1      | Reached XP level 2. HP: 15/15 MP: 4/8
  1321 | D:2      | Reached XP level 3. HP: 16/20 MP: 6/10
  1662 | D:2      | Noticed Jessica
  1667 | D:2      | Killed Jessica
  1668 | D:2      | Reached skill level 1 in Fighting
  1668 | D:2      | Reached skill level 5 in Conjurations
  1671 | D:2      | Learned a level 2 spell: Searing Ray
  2572 | D:3      | Found Wank's Book Shoppe.
  2620 | D:3      | Reached XP level 4. HP: 25/25 MP: 9/12
  2749 | D:3      | Found a glowing drain.
  2761 | D:3      | Learned a level 4 spell: Fulminant Prism
  2762 | Sewer    | Entered a sewer
  2926 | Sewer    | Noticed a kobold brigand
  2933 | Sewer    | Succumbed to kobold brigand's curare-tipped dart

Illustrated notes

Levels and vault maps discovered:
D:1:      arrival_aquarium_b, layout_loops_cross
D:2:      layout_loops_corners, minmay_diced_spiral, uniq_jessica
D:3:      kennysheep_goblin_castle, layout_loops_ring, serial_shops,
          shop_fountains, gup_sewer_entry_bubbles, chequers_serial_rivers_room_a
Sewer:    sewer_kobolds

Skill      XL: |  1  2  3 |
---------------+----------+-----
Fighting       | 1 |  1.2
Spellcasting   | 4 |  4.6
Conjurations   | 5 |  5.3
Dodging        | |  2.4
Stealth        | |  2.4
Hexes          | |  0.7

Action                   |  1- 3 |  4- 6 || total
-------------------------+-------+-------++-------
 Cast: Magic Dart        |    63 |    27 ||    90
       Searing Ray       |       |     2 ||     2
  Use: Scroll            |     6 |       ||     6
       Potion            |       |     1 ||     1
Dodge: Dodged            |     3 |     2 ||     5

Table legend: (Time is in decaauts)
 A = Elapsed time spent in this place.
 B = Non-inter-level travel time spent in this place.
 C = Inter-level travel time spent in this place.
 D = Time resting spent in this place.
 E = Time spent auto-exploring this place.
 F = Levels seen in this place.
 G = Mean time per level.
                   A        B        C        D        E       F      G
               +--------+--------+--------+--------+--------+-----+--------+
         Total |   2963 |   2878 |     85 |    469 |   2195 |   4 |  740.8 |
       Dungeon |   2776 |   2691 |     85 |    404 |   2103 |   3 |  925.3 |
         Sewer |    187 |    187 |      0 |     65 |     91 |   1 |  187.0 |
               +--------+--------+--------+--------+--------+-----+--------+

Top non-repeatable levels by time:
     D:2: 1504 daAuts
     D:1: 1034 daAuts
     D:3: 237 daAuts
   Sewer: 187 daAuts
